AoeStats
← Thewanderero

QS Arena

503466834Analyzed
4v4 RM · 1mo ago on Aug 31, 2026· 40m 4s· 8 players
Game mode
Random Map
Map size
Large (8 player)
Population
200
Speed
Normal
Resources
Standard
Victory
Conquest
Starting age
Dark Age
Ending age
Imperial Age
RankedLock teamsTeams togetherTeam positionsShared explorationLock speedFull tech treeHidden civsTurbo modeCheats
Victory
Defeat
🇧🇪 Ethiopians · Belgium
1160
+13
1158
+13
🇧🇾 Franks · Belarus
1044
+18
🇦🇹 Burgundians · Austria
1042
+18
🇩🇪 Britons · Germany
1150
-18
🇱🇻 Japanese · Latvia
1095
-16
🇩🇪 Teutons · Germany
1066
-14
🇹🇷 Bohemians · Türkiye
1061
-14
Crusader
1:05 Loom
11:16 Feudal Age
14:20 Gold Mining
15:21 Town Watch
16:49 Horse Collar
17:10 Double-Bit Axe
18:02 Wheelbarrow
19:45 Castle Age
17:48 Stone Mining
18:58 Wheelbarrow
19:40 Town Watch
19:51 Fletching
21:58 Bow Saw
22:25 Heavy Plow
23:33 Gold Shaft Mining
25:20 Hand Cart
27:39 Bodkin Arrow
29:32 Town Patrol
30:49 Fortified Wall
33:34 Masonry
36:10 Murder Holes
monkeyfromibiza
0:56 Loom
8:55 Feudal Age
10:14 Wheelbarrow
9:25 Town Watch
9:23 Horse Collar
9:31 Double-Bit Axe
16:45 Castle Age
15:52 Stone Mining
16:15 Gold Mining
16:46 Scale Mail Armor
24:14 Heavy Plow
24:48 Bow Saw
25:46 Scale Barding Armor
27:58 Town Patrol
28:40 Hand Cart
Veit
0:34 Loom
8:36 Feudal Age
9:21 Double-Bit Axe
9:18 Horse Collar
13:24 Wheelbarrow
15:46 Castle Age
14:40 Stone Mining
17:12 Bow Saw
17:05 Heavy Plow
20:36 Gold Mining
24:14 Gold Shaft Mining
24:24 Town Watch
24:27 Treadmill Crane
25:25 Fletching
27:33 Hand Cart
27:21 Padded Archer Armor
27:32 Scale Mail Armor
27:45 Heated Shot
28:15 Ballistics
28:31 Bodkin Arrow
28:52 Leather Archer Armor
thomas shelby
9:23 Feudal Age
14:51 Castle Age
13:24 Double-Bit Axe
13:20 Horse Collar
17:08 Bow Saw
16:58 Town Watch
19:26 Wheelbarrow
19:42 Heavy Plow
21:26 Hand Cart
20:51 Pikeman
21:33 Scale Mail Armor
24:15 Ballistics
24:03 Loom
25:39 Fletching
Thewanderero
4:58 Loom
9:01 Feudal Age
12:48 Castle Age
10:42 Double-Bit Axe
12:25 Wheelbarrow
13:47 Bow Saw
19:53 Gold Mining
19:53 Stone Mining
20:45 Hand Cart
22:20 Scale Barding Armor
22:25 Forging
23:00 Gold Shaft Mining
23:38 Chain Barding Armor
24:45 Iron Casting
24:47 Town Watch
25:03 Stone Mining
29:10 Imperial Age
28:22 Husbandry
30:43 Plate Barding Armor
31:15 Blast Furnace
29:44 Cavalier
31:16 Paladin
32:56 Chivalry
33:16 Conscription
lord_joshi
4:02 Double-Bit Axe
6:20 Wheelbarrow
9:28 Feudal Age
7:44 Loom
8:25 Gold Mining
8:19 Horse Collar
8:32 Stone Mining
9:29 Loom
10:13 Heavy Plow
10:33 Bow Saw
15:34 Gold Shaft Mining
17:12 Castle Age
16:24 Stone Shaft Mining
16:40 Hand Cart
17:14 Town Watch
18:45 Crop Rotation
19:19 Two-Man Saw
18:13 Town Watch
19:33 Squires
19:46 Cavalier
20:48 Husbandry
21:59 Scale Barding Armor
24:14 Chain Barding Armor
27:35 Forging
31:54 Imperial Age
39:01 Paladin
39:49 Burgundian Vineyards
39:07 Elite Coustillier
40:10 Conscription
40:31 Plate Barding Armor
40:32 Iron Casting
39:48 Fletching
39:54 Arson
40:11 Scale Mail Armor
TurdLips
5:16 Loom
7:21 Feudal Age
9:24 Fletching
16:06 Castle Age
14:23 Double-Bit Axe
14:34 Horse Collar
16:05 Wheelbarrow
16:58 Crossbowman
27:15 Imperial Age
26:09 Bow Saw
27:00 Heavy Plow
27:19 Hand Cart
27:13 Scale Mail Armor
27:24 Forging
29:01 Chemistry
27:38 Halberdier
28:19 Squires
29:40 Torsion Engines
31:02 Stone Mining
38:18 Spies/Treason
三只蚂蚁国际集运
0:39 Loom
9:16 Feudal Age
13:35 Castle Age
11:48 Double-Bit Axe
13:16 Padded Archer Armor
13:19 Horse Collar
13:59 Stone Mining
15:51 Fletching
17:04 Forging
20:53 Gold Mining
28:22 Imperial Age
26:10 Bodkin Arrow
27:38 Wheelbarrow
28:14 Leather Archer Armor
28:35 Iron Casting
28:15 Town Watch
29:36 Conscription
29:39 Ballistics
30:48 Chemistry
32:28 Ring Archer Armor
32:00 Bracer
31:36 Capped Ram
34:08 Blast Furnace
33:16 Heavy Plow
34:03 Masonry
34:22 Murder Holes
35:24 Stone Shaft Mining
36:32 Elite Genoese Crossbowman
37:48 Hoardings
37:52 Architecture
38:01 Treadmill Crane
38:11 Heated Shot
38:23 Spies/Treason
39:45 Pirotechnia
39:57 Silk Road
Connection lost

Rejoining the realm…

Still unreachable

The connection could not be restored.

Session expired

The server has moved on; the page needs a fresh start.